 Dungeon Crawl Stone Soup version 0.31-a0-182-gc5ef74bbde (webtiles) character file.

Game seed: 8724876457935492425

18383 qw the Cleaver (level 12, -1/77 HPs)
             Began as a Gargoyle Fighter on June 21, 2023.
             Was an Elder of Okawaru.
             Slain by a wolf (4 damage)
             ... on level 3 of the Lair of Beasts.
             The game lasted 00:06:08 (10376 turns).

qw the Cleaver (Gargoyle Fighter)                  Turns: 10376, Time: 00:06:09

Health: -1/77      AC: 43    Str: 30    XL:     12   Next: 57%
Magic:  15/15      EV: 10    Int: 10    God:    Okawaru [****..]
Gold:   451        SH:  6    Dex:  9    Spells: 11/11 levels left

rFire   . . .        Y - +1 war axe (protect)
rCold   . . .        c - +0 buckler
rNeg    + . .        l - +0 plate armour
rPois   inf          j - +2 helmet
rElec   +            e - +0 cloak
rCorr   .            p - +0 pair of gloves
SInv    .            (no boots)
Will    .....        (no amulet) Stlth
                     i - +6 ring of strength
HPRegen 0.32/turn    n - +4 ring of protection
MPRegen 0.14/turn

%: no passive effects
@: about to teleport, heroic, under a protective aura
A: sickness immunity, AC +8, negative energy resistance 1, electricity
resistance, torment resistance 1, petrification resistance
a: Renounce Religion, Heroism, Finesse


You were on level 3 of the Lair of Beasts.
You worshipped Okawaru.
Okawaru was greatly pleased with you.
You visited 3 branches of the dungeon, and saw 13 of its levels.

You collected 580 gold pieces.
You spent 129 gold pieces at shops.


Innate Abilities, Weirdness & Mutations

You are immune to sickness and miasma.
Your stone body is resilient. (AC +8)
You are immune to poison.
You resist negative energy. (rN+)
You are resistant to electric shocks. (rElec)
You are resistant to unholy torment.
You are immune to petrification.


   Skills:
 - Level 10.0(15.0) Fighting
 - Level 13.0(18.0) Axes
 - Level 4.1(9.1) Throwing
 + Level 9.8(14.8) Armour
 - Level 2.2(7.2) Dodging
 - Level 6.6(11.6) Shields
 + Level 4.8 Invocations


You had 11 spell levels left.
You didn't know any spells.
Your spell library was empty.

Inventory:

Hand Weapons
 o - a +1 heavy flail
 Y - a +1 war axe of protection (weapon)
Armour
 c - a +0 buckler (worn)
 e - a +0 cloak (worn)
 j - a +2 helmet (worn)
 l - a +0 plate armour (worn)
 p - a +0 pair of gloves (worn)
Jewellery
 i - a +6 ring of strength (left hand)
 k - a ring of ice
 n - a +4 ring of protection (right hand)
 r - a ring of protection from fire
Scrolls
 f - 3 scrolls of identify
Potions
 a - 4 potions of haste
 d - a potion of might
 g - 5 potions of curing
 h - a potion of attraction
 q - 2 potions of magic
 t - a potion of lignification

Dungeon Overview and Level Annotations

Branches:
Dungeon (9/15)             Temple (1/1) D:7            Lair (3/5) D:9
 Shoals (0/4) Lair:2        Snake (0/4) Lair:2
    Orc: D:9-12

Altars:
Ashenzari
Cheibriados
Dithmenos
Elyvilon
Fedhas
Gozag
Hepliaklqana
Kikubaaqudgha
Makhleb
Nemelex Xobeh
Okawaru
Qazlal
Ru
Sif Muna
Trog
Uskayaw
Vehumet
Wu Jian
Xom
Yredelemnul
Zin
The Shining One

Shops:
D:1 ?   D:3 ([!**

Annotations:
D:9 2 runed translucent doors, qw's ghost, journeyman NaHu
Lair:2 2 transporters
Lair:3 Rupert


Message History

Rupert hits you with a +2 triple sword of freezing!
Rupert freezes you! The wolf closely misses you.
You slash the wolf!
You kill the wolf!
Okawaru accepts your kill.
You slash Rupert! Rupert closely misses you.
The wolf bites you but does no damage.
You barely miss Rupert.
Rupert is severely wounded.
You closely miss the wolf.
A bullfrog comes into view.
The wolf bites you but does no damage.
You closely miss Rupert.
Rupert is severely wounded.
You closely miss the wolf.
The bullfrog swells and bulges.
Rupert hits you with a +2 triple sword of freezing!
Rupert freezes you! The wolf bites you but does no damage.
10374 ||| READING scroll of teleportation.
As you read the scroll of teleportation, it crumbles to dust.
You feel strangely unstable. The wolf bites you but does no damage.
A yak comes into view. x2
Rupert screams, "Die, monster!"
Rupert roars madly and goes into a rage!
Rupert goes berserk!
The wolf bites you but does no damage.
The yak bellows! x2
You hit Rupert.
Rupert is severely wounded.
You hit the yak. You slice the wolf!!
You hear a bellow! x2
Rupert hits you with a +2 triple sword of freezing!
Rupert freezes you. You block the yak's attack.
The wolf bites you but does no damage.
A yak comes into view.
You hit Rupert but do no damage.
Rupert is severely wounded.
You barely miss the yak. You barely miss the wolf.
Rupert hits you but does no damage. The wolf bites you.
You die...

.#.# Y ...# .Y ## ....
Y. .. .... #.##. ##..
#.Y.. ##. ##..h#####
### ##
##...@@#..###.#####
#....Y.%........#.##
#......###......#...###
.....## #.......#....#
P.... ##P........###
#... ##....#...### #..
#...###....# ...
##.#.#P....##
##.###....##


You could see Rupert (berserk), 5 yaks and a wolf.

Vanquished Creatures
  Gastronok (Lair:1)
  A hydra (Lair:2)
  A catoblepas (Lair:3)
  A two-headed ogre (D:9)
  Maurice (D:8)
  9 black mambas
  A merfolk siren (Lair:2)
  8 cane toads
  4 rime drakes
  5 komodo dragons
  A polar bear (Lair:3)
  5 blink frogs (Lair:2)
  A shadow (D:6)
  5 yaks (Lair:1)
  A basilisk (Lair:2)
  A wyvern (Lair:3)
  2 steam dragons
  12 water moccasins
  2 orc warriors
  2 ice beasts
  A sky beast (D:8)
  A black bear (D:5)
  2 centaurs
  A wolf (Lair:3)
  An ogre (D:6)
  A phantom (D:5)
  3 kobold brigands
  Blork the orc (D:6)
  5 bullfrogs
  A gnoll sergeant (D:8)
  3 scorpions
  9 wights
  6 killer bees
  6 hounds
  6 jellies
  4 orc priests
  Jessica (D:2)
  A sleepcap (D:5)
  A gnoll bouda (D:6)
  2 iguanas (D:6)
  7 orc wizards
  Robin (D:2)
  11 gnolls
  8 adders
  A white imp (D:7)
  An ufetubus (D:6)
  4 worms
  3 dart slugs
  48 orcs
  5 ball pythons
  5 bats
  7 endoplasms
  4 giant cockroaches
  12 goblins
  11 hobgoblins
  9 jackals
  3 quokkas
  4 frilled lizards
  19 kobolds
  4 rats
287 creatures vanquished.

Notes
Turn   | Place    | Note
-------+----------+-------------------------------------------
     0 | D:1      | qw the Gargoyle Fighter began the quest for the Orb.
     0 | D:1      | Reached XP level 1. HP: 14/14 MP: 1/1
     0 | D:1      | 0 ||| qw: Version: 0.3-a-9-g12657ce
     0 | D:1      | 0 ||| qw: Game counter: 1535
     0 | D:1      | 0 ||| qw: Always use a shield: true
     0 | D:1      | 0 ||| qw: God list: Okawaru
     0 | D:1      | 0 ||| qw: Allow faded altars: false
     0 | D:1      | 0 ||| qw: Do Orc after D:15 true
     0 | D:1      | 0 ||| qw: Do second Lair branch before Depths: true
     0 | D:1      | 0 ||| qw: Lair rune preference: random
     0 | D:1      | 0 ||| qw: Plans: Normal, Zot:1-4, Slime:5, God:TSO, Crypt,
                  | Tomb, Abyss, Pan, Hells, Win
     0 | D:1      | 0 ||| PLANNING D:1-11
    48 | D:1      | Reached skill level 2 in Axes
   346 | D:1      | Reached XP level 2. HP: 19/19 MP: 2/2
   541 | D:1      | Reached skill level 3 in Axes
   557 | D:1      | Reached XP level 3. HP: 23/23 MP: 3/3
   742 | D:1      | Found Sietojyg's Magic Scroll Shoppe.
   749 | D:1      | 749 ||| BUYING scroll of identify (24 gold).
   749 | D:1      | Bought a scroll of identify for 24 gold pieces
   749 | D:1      | 749 ||| SHOPLISTING scroll of identify (24 gold, have 3).
   913 | D:1      | 913 ||| READING scroll labelled WINEGO VELA.
   989 | D:2      | You fall into a shaft and drop 2 floors!
   990 | D:4      | Noticed a scorpion
   999 | D:4      | Killed a scorpion
  1000 | D:4      | Reached skill level 4 in Axes
  1000 | D:4      | Reached XP level 4. HP: 25/28 MP: 4/4
  1023 | D:4      | 1023 ||| Stepping ~*~*~tactically~*~*~ (stealth).
  1025 | D:4      | 1025 ||| Stepping ~*~*~tactically~*~*~ (hiding).
  1026 | D:4      | 1026 ||| Stepping ~*~*~tactically~*~*~ (hiding).
  1028 | D:4      | 1028 ||| Stepping ~*~*~tactically~*~*~ (hiding).
  1029 | D:4      | 1029 ||| Stepping ~*~*~tactically~*~*~ (hiding).
  1030 | D:4      | 1030 ||| Stepping ~*~*~tactically~*~*~ (hiding).
  1158 | D:4      | 1158 ||| Stepping ~*~*~tactically~*~*~ (stealth).
  1171 | D:4      | 1171 ||| Stepping ~*~*~tactically~*~*~ (stealth).
  1173 | D:4      | 1173 ||| Stepping ~*~*~tactically~*~*~ (hiding).
  1236 | D:4      | Identified the +8 quarterstaff of Inference {drain, Int+5}
  1252 | D:4      | Reached XP level 5. HP: 32/32 MP: 5/5
  1336 | D:4      | Reached skill level 5 in Axes
  1416 | D:4      | 1416 ||| Stepping ~*~*~tactically~*~*~ (stealth).
  1451 | D:4      | 1451 ||| DROPPING +0 club.
  1531 | D:4      | 1531 ||| UPGRADING to +0 cloak.
  1536 | D:4      | 1536 ||| UPGRADING to +0 chain mail.
  1546 | D:4      | 1546 ||| DROPPING +0 scale mail.
  1547 | D:4      | 1547 ||| READING scroll labelled CIOF BIRUDGH.
  1548 | D:4      | 1548 ||| READING scroll labelled GAOMOA WETHOOGOE.
  1549 | D:4      | 1549 ||| READING scroll labelled BEBRED RANUAMU.
  1573 | D:4      | 1573 ||| READING 3 scrolls of identify.
  1573 | D:4      | 1573 ||| IDENTIFYING sedimented pink potion
  1574 | D:4      | 1574 ||| READING 2 scrolls of identify.
  1574 | D:4      | 1574 ||| IDENTIFYING bubbling dark potion
  1575 | D:4      | 1575 ||| DROPPING potion of degeneration.
  1596 | D:3      | Found Vynyotuh's Assorted Antiques.
  1602 | D:3      | 1602 ||| BUYING ruby potion (17 gold).
  1602 | D:3      | Bought a ruby potion for 17 gold pieces
  1602 | D:3      | 1602 ||| BUYING scroll labelled MAINNE FODGHAT (19 gold).
  1602 | D:3      | Bought a scroll labelled MAINNE FODGHAT for 19 gold pieces
  1602 | D:3      | Found Ytwi's Weapon Boutique.
  1613 | D:3      | 1613 ||| SHOPLISTING +0 mace (39 gold, have 0).
  1668 | D:3      | 1668 ||| READING scroll labelled MAINNE FODGHAT.
  1762 | D:2      | Noticed Jessica
  1766 | D:2      | Killed Jessica
  1767 | D:2      | Reached XP level 6. HP: 38/38 MP: 6/6
  1860 | D:2      | Found a faded altar of an unknown god.
  1862 | D:2      | 1862 ||| Stepping ~*~*~tactically~*~*~ (stealth).
  1880 | D:2      | 1880 ||| DROPPING +0 whip.
  1901 | D:2      | 1901 ||| Stepping ~*~*~tactically~*~*~ (stealth).
  1902 | D:2      | 1902 ||| Stepping ~*~*~tactically~*~*~ (stealth).
  1910 | D:2      | Noticed Robin
  1911 | D:2      | 1911 ||| Stepping ~*~*~tactically~*~*~ (stealth).
  1920 | D:2      | 1920 ||| Stepping ~*~*~tactically~*~*~ (hiding).
  1930 | D:2      | Killed Robin
  2334 | D:2      | 2334 ||| UPGRADING to +2 helmet.
  2339 | D:2      | 2339 ||| READING scroll labelled FEUKOU PUPS.
  2340 | D:2      | 2340 ||| DRINKING 2 ruby potions.
  2341 | D:2      | 2341 ||| READING 2 scrolls of identify.
  2341 | D:2      | 2341 ||| IDENTIFYING fuming green potion
  2375 | D:3      | 2375 ||| Stepping ~*~*~tactically~*~*~ (stealth).
  2383 | D:3      | 2383 ||| Stepping ~*~*~tactically~*~*~ (stealth).
  2427 | D:3      | 2427 ||| DROPPING +0 mace.
  2509 | D:3      | Found Toeb's General Store.
  2518 | D:3      | 2518 ||| SHOPLISTING +2 robe of resistance (377 gold, have
                  | 88).
  2518 | D:3      | 2518 ||| SHOPLISTING +4 ring of slaying (780 gold, have
                  | 88).
  2518 | D:3      | 2518 ||| SHOPLISTING +6 ring of dexterity (360 gold, have
                  | 88).
  2518 | D:3      | 2518 ||| SHOPLISTING amulet of faith (400 gold, have 88).
  2518 | D:3      | 2518 ||| BUYING potion of curing (30 gold).
  2518 | D:3      | Bought a potion of curing for 30 gold pieces
  2518 | D:3      | 2518 ||| SHOPLISTING scroll of enchant weapon (75 gold,
                  | have 58).
  2607 | D:3      | 2607 ||| Stepping ~*~*~tactically~*~*~ (stealth).
  2766 | D:3      | Found Roaladdu's Antique Armour Boutique.
  2776 | D:3      | 2776 ||| SHOPLISTING emerald-encrusted chain mail (218
                  | gold, have 58).
  2791 | D:3      | Found Riuquet's Distillery.
  2799 | D:3      | 2799 ||| BUYING potion of curing (39 gold).
  2799 | D:3      | Bought a potion of curing for 39 gold pieces
  2799 | D:3      | 2799 ||| SHOPLISTING potion of enlightenment (65 gold, have
                  | 24).
  2799 | D:3      | 2799 ||| SHOPLISTING potion of haste (130 gold, have 24).
  2799 | D:3      | 2799 ||| SHOPLISTING potion of heal wounds (65 gold, have
                  | 24).
  2799 | D:3      | 2799 ||| SHOPLISTING potion of resistance (130 gold, have
                  | 24).
  2962 | D:3      | 2962 ||| UPGRADING to +6 ring of strength.
  3198 | D:4      | 3198 ||| Stepping ~*~*~tactically~*~*~ (hiding).
  3225 | D:4      | 3225 ||| Stepping ~*~*~tactically~*~*~ (stealth).
  3403 | D:5      | Entered Level 5 of the Dungeon
  3410 | D:5      | 3410 ||| STAIRDANCE
  3415 | D:4      | Reached skill level 6 in Axes
  3457 | D:5      | 3457 ||| STAIRDANCE
  3529 | D:5      | 3529 ||| Stepping ~*~*~tactically~*~*~ (stealth).
  3549 | D:5      | Reached skill level 1 in Dodging
  3573 | D:5      | Reached XP level 7. HP: 42/43 MP: 7/7
  3712 | D:5      | 3712 ||| Stepping ~*~*~tactically~*~*~ (stealth).
  3714 | D:5      | 3714 ||| Stepping ~*~*~tactically~*~*~ (stealth).
  3823 | D:5      | Reached skill level 7 in Axes
  4073 | D:5      | 4073 ||| UPGRADING to +4 ring of protection.
  4074 | D:5      | 4074 ||| READING scroll labelled ZOCEIFR TESM.
  4075 | D:5      | 4075 ||| DRINKING 2 murky amethyst potions.
  4115 | D:5      | 4115 ||| READING scroll labelled KOSHRA CADEWK.
  4127 | D:5      | 4127 ||| Stepping ~*~*~tactically~*~*~ (hiding).
  4136 | D:5      | Reached skill level 1 in Throwing
  4223 | D:5      | Reached XP level 8. HP: 49/49 MP: 8/8
  4381 | D:5      | 4381 ||| READING scroll labelled SOPPAWU MEUT.
  4459 | D:6      | 4459 ||| Stepping ~*~*~tactically~*~*~ (hiding).
  4523 | D:6      | Reached skill level 8 in Axes
  4560 | D:6      | Noticed a shadow
  4573 | D:6      | 4573 ||| UPGRADING to +0 pair of gloves.
  4578 | D:6      | 4578 ||| READING scroll labelled SIQEIRGHISS.
  4592 | D:6      | 4592 ||| Stepping ~*~*~tactically~*~*~ (hiding).
  4643 | D:6      | 4643 ||| FLEEEEING.
  4653 | D:6      | 4653 ||| FLEEEEING.
  4654 | D:6      | 4654 ||| FLEEEEING.
  4655 | D:6      | 4655 ||| FLEEEEING.
  4656 | D:6      | 4656 ||| FLEEEEING.
  4657 | D:6      | 4657 ||| FLEEEEING.
  4658 | D:6      | 4658 ||| FLEEEEING.
  4659 | D:6      | 4659 ||| FLEEEEING.
  4660 | D:6      | 4660 ||| FLEEEEING.
  4665 | D:6      | 4665 ||| FLEEEEING.
  4666 | D:6      | 4666 ||| FLEEEEING.
  4669 | D:6      | 4669 ||| STAIRDANCE
  4745 | D:5      | 4745 ||| READING 4 scrolls of identify.
  4745 | D:5      | 4745 ||| IDENTIFYING puce potion
  4746 | D:5      | 4746 ||| DROPPING potion of brilliance.
  4753 | D:6      | Reached skill level 6 in Fighting
  4800 | D:6      | Noticed Blork the orc
  4811 | D:6      | Killed Blork the orc
  4826 | D:6      | 4826 ||| DRINKING 5 potions of curing.
  4826 | D:6      | 4826 ||| (to cure confusion)
  4829 | D:6      | 4829 ||| Stepping ~*~*~tactically~*~*~ (stealth).
  4829 | D:6      | Found a broken altar of Ashenzari.
  4830 | D:6      | 4830 ||| Stepping ~*~*~tactically~*~*~ (stealth).
  4832 | D:6      | 4832 ||| Stepping ~*~*~tactically~*~*~ (stealth).
  4874 | D:6      | Killed a shadow
  4988 | D:6      | 4988 ||| DROPPING +0 flail.
  5139 | D:6      | Found a hazy altar of Hepliaklqana.
  5223 | D:6      | 5223 ||| READING scroll labelled NOUGEO MOFYA.
  5224 | D:6      | 5224 ||| READING scroll labelled GIECET PETYLIB.
  5318 | D:7      | Reached XP level 9. HP: 55/55 MP: 9/9
  5328 | D:7      | Reached skill level 9 in Axes
  5413 | D:7      | Found a blossoming altar of Fedhas.
  5414 | D:7      | Found an ornate altar of the Wu Jian Council.
  5595 | D:7      | 5595 ||| Stepping ~*~*~tactically~*~*~ (hiding).
  5658 | D:7      | 5658 ||| Stepping ~*~*~tactically~*~*~ (stealth).
  5665 | D:7      | 5665 ||| Stepping ~*~*~tactically~*~*~ (stealth).
  5666 | D:7      | 5666 ||| Stepping ~*~*~tactically~*~*~ (stealth).
  5697 | D:7      | 5697 ||| Stepping ~*~*~tactically~*~*~ (stealth).
  5718 | D:7      | 5718 ||| Stepping ~*~*~tactically~*~*~ (stealth).
  5827 | D:7      | 5827 ||| Stepping ~*~*~tactically~*~*~ (stealth).
  5903 | D:7      | Found a staircase to the Ecumenical Temple.
  5904 | D:7      | 5904 ||| PLANNING TEMPLE
  5904 | D:7      | 5904 ||| UPGRADING to +0 plate armour.
  5914 | D:7      | 5914 ||| DROPPING +0 chain mail.
  5919 | Temple   | Entered the Ecumenical Temple
  5979 | Temple   | 5979 ||| PLANNING OKAWARU WORSHIP
  6217 | Temple   | Became a worshipper of Warmaster Okawaru
  6218 | Temple   | 6218 ||| PLANNING D:1-11
  6363 | D:8      | 6363 ||| Stepping ~*~*~tactically~*~*~ (stealth).
  6376 | D:8      | Reached skill level 6 in Armour
  6423 | D:8      | 6423 ||| Stepping ~*~*~tactically~*~*~ (stealth).
  6445 | D:8      | Reached * piety under Okawaru
  6520 | D:8      | Noticed Maurice
  6527 | D:8      | Paralysed by Maurice for 5 turns
  6544 | D:8      | Reached skill level 1 in Invocations
  6547 | D:8      | Paralysed by something for 2 turns
  6557 | D:8      | Paralysed by something for 2 turns
  6589 | D:8      | Killed Maurice
  6590 | D:8      | Reached skill level 3 in Invocations
  6590 | D:8      | Reached XP level 10. HP: 62/63 MP: 10/12
  6902 | D:8      | 6902 ||| READING scroll labelled ITAENI ABOOTSU.
  6903 | D:8      | 6903 ||| DRINKING 2 yellow potions.
  6904 | D:8      | 6904 ||| READING 5 scrolls of identify.
  6904 | D:8      | 6904 ||| IDENTIFYING fuming purple potion
  6936 | D:9      | 6936 ||| Stepping ~*~*~tactically~*~*~ (hiding).
  6999 | D:9      | 6999 ||| Stepping ~*~*~tactically~*~*~ (hiding).
  7001 | D:9      | 7001 ||| Stepping ~*~*~tactically~*~*~ (hiding).
  7017 | D:9      | 7017 ||| FLEEEEING.
  7025 | D:9      | Reached skill level 10 in Axes
  7041 | D:9      | 7041 ||| Stepping ~*~*~tactically~*~*~ (hiding).
  7043 | D:9      | 7043 ||| Stepping ~*~*~tactically~*~*~ (hiding).
  7048 | D:9      | 7048 ||| INVOKING Heroism.
  7092 | D:9      | 7092 ||| Stepping ~*~*~tactically~*~*~ (hiding).
  7093 | D:9      | 7093 ||| Stepping ~*~*~tactically~*~*~ (hiding).
  7094 | D:9      | 7094 ||| Stepping ~*~*~tactically~*~*~ (hiding).
  7140 | D:9      | Noticed a two-headed ogre
  7141 | D:9      | 7141 ||| INVOKING Heroism.
  7148 | D:9      | Killed a two-headed ogre
  7148 | D:9      | Reached ** piety under Okawaru
  7250 | D:9      | Found a staircase to the Lair.
  7263 | D:9      | Found a runed translucent door.
  7264 | D:9      | Found a shimmering altar of Xom.
  7264 | D:9      | Noticed qw's ghost (journeyman NaHu)
  7265 | D:9      | Noticed a +0 rapier of chaos
  7359 | D:9      | Found a hide-covered altar of Uskayaw.
  7437 | D:9      | Found a runed translucent door.
  7596 | D:9      | 7596 ||| PLANNING LAIR
  7640 | Lair:1   | Entered Level 1 of the Lair of Beasts
  7641 | Lair:1   | Noticed a black mamba
  7642 | Lair:1   | 7642 ||| INVOKING Heroism.
  7645 | Lair:1   | Killed a black mamba
  7685 | Lair:1   | Noticed a cane toad
  7686 | Lair:1   | 7686 ||| INVOKING Heroism.
  7690 | Lair:1   | Killed a cane toad
  7748 | Lair:1   | Noticed a black mamba
  7749 | Lair:1   | 7749 ||| INVOKING Heroism.
  7764 | Lair:1   | Killed a black mamba
  7765 | Lair:1   | Reached skill level 3 in Throwing
  7781 | Lair:1   | Noticed a black mamba
  7782 | Lair:1   | 7782 ||| INVOKING Heroism.
  7787 | Lair:1   | Killed a black mamba
  7807 | Lair:1   | 7807 ||| Stepping ~*~*~tactically~*~*~ (stealth).
  7822 | Lair:1   | Reached XP level 11. HP: 68/68 MP: 14/14
  7869 | Lair:1   | 7869 ||| INVOKING Heroism.
  7893 | Lair:1   | 7893 ||| INVOKING Heroism.
  8006 | Lair:1   | Noticed Gastronok
  8007 | Lair:1   | 8007 ||| INVOKING Heroism.
  8020 | Lair:1   | Reached skill level 11 in Axes
  8031 | Lair:1   | 8031 ||| INVOKING Heroism.
  8032 | Lair:1   | Killed Gastronok
  8032 | Lair:1   | HP: 7/68 [komodo dragon (20)]
  8033 | Lair:1   | 8033 ||| DRINKING potion of heal wounds.
  8162 | Lair:1   | 8162 ||| INVOKING Heroism.
  8190 | Lair:1   | Reached skill level 9 in Fighting
  8351 | Lair:1   | 8351 ||| INVOKING Heroism.
  8710 | Lair:1   | 8710 ||| READING 4 scrolls of identify.
  8710 | Lair:1   | 8710 ||| IDENTIFYING grey potion
  8711 | Lair:1   | 8711 ||| DROPPING potion of ambrosia.
  8897 | Lair:2   | Found a staircase to the Shoals.
  8923 | Lair:2   | 8923 ||| INVOKING Heroism.
  8944 | Lair:2   | 8944 ||| Stepping ~*~*~tactically~*~*~ (water).
  8956 | Lair:2   | 8956 ||| INVOKING Heroism.
  8982 | Lair:2   | 8982 ||| Stepping ~*~*~tactically~*~*~ (stealth).
  8997 | Lair:2   | 8997 ||| Stepping ~*~*~tactically~*~*~ (stealth).
  9002 | Lair:2   | 9002 ||| INVOKING Heroism.
  9058 | Lair:2   | 9058 ||| INVOKING Heroism.
  9066 | Lair:2   | Reached skill level 12 in Axes
  9084 | Lair:2   | Found a staircase to the Snake Pit.
  9101 | Lair:2   | Noticed a four-headed hydra
  9102 | Lair:2   | 9102 ||| INVOKING Heroism.
  9104 | Lair:2   | 9104 ||| Stepping ~*~*~tactically~*~*~ (stealth).
  9107 | Lair:2   | 9107 ||| SWAPPING to +1 heavy flail.
  9111 | Lair:2   | Killed a four-headed hydra
  9111 | Lair:2   | Reached *** piety under Okawaru
  9112 | Lair:2   | Reached skill level 6 in Shields
  9112 | Lair:2   | 9112 ||| SWAPPING to +1 war axe of protection.
  9119 | Lair:2   | 9119 ||| INVOKING Heroism.
  9121 | Lair:2   | Reached skill level 9 in Armour
  9148 | Lair:2   | 9148 ||| Stepping ~*~*~tactically~*~*~ (stealth).
  9261 | Lair:2   | 9261 ||| INVOKING Heroism.
  9271 | Lair:2   | Reached XP level 12. HP: 77/77 MP: 13/15
  9313 | Lair:2   | 9313 ||| Stepping ~*~*~tactically~*~*~ (stealth).
  9314 | Lair:2   | 9314 ||| INVOKING Heroism.
  9341 | Lair:2   | 9341 ||| INVOKING Heroism.
  9373 | Lair:2   | 9373 ||| INVOKING Heroism.
  9396 | Lair:2   | Found a transporter.
  9396 | Lair:2   | Noticed a boulder beetle
  9397 | Lair:2   | Found a transporter.
  9546 | Lair:2   | 9546 ||| Stepping ~*~*~tactically~*~*~ (stealth).
  9547 | Lair:2   | 9547 ||| Stepping ~*~*~tactically~*~*~ (stealth).
  9549 | Lair:2   | 9549 ||| Stepping ~*~*~tactically~*~*~ (stealth).
  9550 | Lair:2   | 9550 ||| INVOKING Heroism.
  9580 | Lair:2   | 9580 ||| Stepping ~*~*~tactically~*~*~ (hiding).
  9810 | Lair:2   | 9810 ||| Stepping ~*~*~tactically~*~*~ (stealth).
 10046 | Lair:2   | 10046 ||| READING 4 scrolls of identify.
 10046 | Lair:2   | 10046 ||| IDENTIFYING bubbling silvery potion
 10052 | Lair:3   | Noticed a catoblepas
 10053 | Lair:3   | 10053 ||| INVOKING Heroism.
 10067 | Lair:3   | Killed a catoblepas
 10067 | Lair:3   | Received a gift from Okawaru
 10068 | Lair:3   | Reached skill level 13 in Axes
 10219 | Lair:3   | 10219 ||| INVOKING Heroism.
 10230 | Lair:3   | Reached **** piety under Okawaru
 10357 | Lair:3   | Noticed Rupert
 10358 | Lair:3   | 10358 ||| INVOKING Heroism.
 10373 | Lair:3   | HP: 16/77 [Rupert/+2 triple sword of freezing (7)]
 10374 | Lair:3   | 10374 ||| READING scroll of teleportation.
 10375 | Lair:3   | HP: 7/77 [Rupert/+2 triple sword of freezing (10)]
 10375 | Lair:3   | HP: 3/77 [Rupert/+2 triple sword of freezing (4)]
 10376 | Lair:3   | Slain by a wolf

Levels and vault maps discovered:
D:1:      dpeg_arrival_more_subterranean_lakeside_camping, layout_loops_corners,
          serial_shops, shop, minmay_worlds_worst_comb
D:2:      layout_loops_ring, shapermc_ecumenical_altar_gd, uniq_robin,
          uniq_jessica
D:3:      layout_loops_ring, serial_rivers, chequers_serial_rivers_marsh,
          chequers_serial_rivers_small_3, chequers_serial_rivers_micro_b,
          chequers_serial_rivers_large_a, chequers_serial_rivers_room_b,
          serial_shops, nicolae_shop_pleasant_corner_grove, shop, shop,
          shop_fountains, shop
D:4:      cheibrodos_helix_gallery, layout_loops_ring,
          corexii_item_surrounded_by_moat, kennysheep_big_empty_room,
          minmay_bisected
D:5:      layout_rooms, minivault_5, dreamdust_wishing_well, minmay_puff
D:6:      layout_rooms, nicolae_ashenzari_panopticon, lemuel_doored_altar,
          minmay_fractal_squares_gapless_5, uniq_blork_the_orc
D:7:      layout_basic, gammafunk_temple_overflow_statue,
          minmay_temple_entry_drinking_statues
D:8:      layout_rooms, kennysheep_generic_room_3, uniq_maurice
D:9:      layout_gridville, nicolae_uskayaw_dance_studio, lair_entry_dummy,
          ebering_ghost_xom, lightli_church_of_beogh
Temple:   minmay_temple_bridge_d
Lair:1:   layout_small_grid, grunt_megastairs_1, serial_bayou_shore_b,
          uniq_gastronok
Lair:2:   gammafunk_boulding_lane, layout_cave_pods,
          minmay_shoals_entry_lonely_mermaid, minmay_snake_entry_six_corridors,
          nicolae_quartered_pool_medium
Lair:3:   layout_misc_corridors, lemuel_fruit_tree, uniq_rupert

Skill      XL: |  1  2  3  4  5  6  7  8  9 10 11 12 |
---------------+-------------------------------------+-----
Axes           | 2 3 4 5 6 7 8 9 10 12 13 | 13.0
Fighting       | 4 5 6 7 8 9 10 | 10.0
Dodging        | 1 2 |  2.2
Throwing       | 1 2 3 4 |  4.1
Armour         | 4 6 7 9 |  9.8
Shields        | 4 5 6 |  6.6
Invocations    | 3 4 |  4.8

Action                     |  1- 3 |  4- 6 |  7- 9 | 10-12 || total
---------------------------+-------+-------+-------+-------++-------
  Melee: War axe           |    81 |   211 |   336 |   382 ||  1010
         Flail             |       |       |       |     3 ||     3
  Throw: Boomerang         |       |    33 |    61 |    23 ||   117
         Javelin           |       |       |     9 |    29 ||    38
 Invoke: Heroism           |       |       |       |    26 ||    26
    Use: Scroll            |     1 |     8 |     7 |     5 ||    21
         Potion            |       |     1 |     2 |     2 ||     5
 Armour: Scale mail        |    35 |    34 |       |       ||    69
         Chain mail        |       |    90 |   212 |       ||   302
         Plate armour      |       |       |    67 |   204 ||   271
  Dodge: Dodged            |    39 |    55 |   161 |   116 ||   371
  Block: Buckler           |    14 |    33 |    79 |    78 ||   204

Table legend:
 A = Non-vault XP
 B = Vault XP
 C = Vault XP percentage of total XP
 D = Non-vault monster count
 E = Vault monster count
 F = Vault count percentage of total count
                 A         B        C        D         E       F
            +---------+---------+-------+---------+---------+-------
      Total |   19422 |    6840 |  26.0 |     238 |      49 |  17.1
            +---------+---------+-------+---------+---------+-------
        D:1 |      36 |       6 |  14.3 |      20 |       3 |  13.0
        D:2 |      49 |      64 |  56.6 |      15 |       8 |  34.8
        D:3 |      31 |       0 |   0.0 |      14 |       0 |   0.0
        D:4 |     313 |      50 |  13.8 |      33 |       4 |  10.8
        D:5 |     593 |     263 |  30.7 |      23 |       4 |  14.8
        D:6 |     452 |     472 |  51.1 |      22 |       5 |  18.5
        D:7 |    1004 |       0 |   0.0 |      22 |       0 |   0.0
        D:8 |    1047 |     496 |  32.1 |      26 |       1 |   3.7
        D:9 |    1646 |     105 |   6.0 |      18 |       8 |  30.8
     Lair:1 |    4675 |    2217 |  32.2 |      14 |       5 |  26.3
     Lair:2 |    5445 |    3167 |  36.8 |      18 |      11 |  37.9
     Lair:3 |    4131 |       0 |   0.0 |      13 |       0 |   0.0
            +---------+---------+-------+---------+---------+-------
